 Dungeon Crawl Stone Soup version 0.27-a0-242-ge0fc76b88b (webtiles) character file.

Game seed: 16618931234484288368

100 Borgoz the Slasher (level 4, -1/38 HPs)
             Began as a Ghoul Gladiator on Feb 2, 2021.
             Killed from afar by Robin (7 damage)
             ... with a puff of flame
             ... on level 3 of the Dungeon.
             The game lasted 00:02:36 (1824 turns).

Borgoz the Slasher (Ghoul Gladiator)                Turns: 1824, Time: 00:02:37

Health: -1/38      AC:  4    Str: 17    XL:     4   Next: 74%
Magic:  3/3        EV: 12    Int:  3    God:
Gold:   121        SH:  0    Dex: 11    Spells: 3/3 levels left

rFire    . . .     SeeInvis .   a - +0 long sword
rCold    + . .     Faith    .   (no shield)
rNeg     + + +     Spirit   .   b - +0 leather armour
rPois    ∞         Reflect  .   c - +0 helmet
rElec    .         Harm     .   (no cloak)
rCorr    .         Rampage  .   (no gloves)
Will     .....                  (no boots)
Stlth    ..........             (no amulet)
HPRegen  0.00/turn              k - ring of attention (curse)
MPRegen  0.08/turn              (no ring)

@: no status effects
A: claws 1, cold resistance 1, negative energy resistance 3, inhibited
regeneration, torment resistance, unbreathing
a: no special abilities


You were on level 3 of the Dungeon.
You visited 1 branch of the dungeon, and saw 3 of its levels.

You collected 121 gold pieces.

Inventory:

Hand Weapons
 a - a +0 long sword (weapon)
Missiles
 d - 3 throwing nets (quivered)
Armour
 b - a +0 leather armour (worn)
 c - a +0 helmet (worn)
Jewellery
 k - a cursed ring of attention (left claw)
Scrolls
 e - 5 scrolls of identify {unknown}
 g - 2 scrolls of random uselessness {unknown}
 i - 3 scrolls of teleportation {unknown}
 l - a scroll of amnesia {unknown}
 o - 6 scrolls of remove curse {unknown}
 q - a scroll of magic mapping {unknown}
Potions
 f - a potion of brilliance {unknown}
 h - a potion of mutation {unknown}
 j - a potion of heal wounds
 m - a potion of haste {unknown}
 p - a potion of berserk rage {unknown}


   Skills:
 + Level 3.0 Fighting
 * Level 3.6 Long Blades
 - Level 1.7 Throwing
 + Level 1.4 Armour
 + Level 3.2 Dodging


You had 3 spell levels left.
You didn't know any spells.
Your spell library was empty.

Dungeon Overview and Level Annotations

Branches:
Dungeon (3/15)

Altars:
Makhleb
Nemelex Xobeh
Uskayaw
Xom

Annotations:
D:3 Robin


Innate Abilities, Weirdness & Mutations

You thrive by killing the living.
You are immune to poison.
You have sharp fingernails.
Your flesh is cold resistant. (rC+)
You are immune to negative energy. (rN+++)
You do not regenerate when monsters are visible.
You are immune to unholy pain and torment.
You can survive without breathing.


Message History

The stone hits you.
You hit the goblin but do no damage.
The goblin no longer looks unusually strong.
The goblin barely misses you. The goblin hits you but does no damage.
The goblin shoots a stone.
The stone barely misses you.
The stone misses the goblin.
Robin roars a battlecry!
The goblins go into a battle-frenzy!
The goblin barely misses you. The goblin hits you but does no damage.
You hit the goblin.
You kill the goblin!
You feel better.
The goblin shoots a stone.
The stone hits you. The goblin misses you.
You barely miss the goblin. Robin hits you with a +0 mace.
* * * LOW HITPOINT WARNING * * *
The goblin hits you but does no damage.
You hit the goblin.
You kill the goblin!
Robin zaps a wand.
The puff of flame hits you!
You die...

#.#.### ##..#
#.#.#.> ..# #
#.#.#.# ..# #
#.#.#.# ### # #
#.#.#.###.# .# #
#.#....##.# .#
.#######
#.#..#†##.# ..
........
#....#...o###.####.
.#######
#..#####.gg@)......
#
#....#....#)#######
#######
#..#.#.#..o##
.......
#†#.....o.##
.###### #.##.###.)#
#.## #.)# #.# #.)#
..# ##.$.### ###
#..))..# #


You could see Robin, 2 orcs and a goblin (strong).

Vanquished Creatures
  An adder (D:3)
  A dart slug (D:1)
  A leopard gecko (D:1)
  6 orcs (D:3)
  A ball python (D:1)
  7 bats
  2 giant cockroaches
  14 goblins
  13 hobgoblins
  9 jackals
  5 kobolds
  4 frilled lizards
  9 rats
73 creatures vanquished.

Vanquished Creatures (others)
  2 plants (D:3)
2 creatures vanquished.

Grand Total: 75 creatures vanquished

Notes
Turn   | Place    | Note
-------+----------+-------------------------------------------
     0 | D:1      | Borgoz the Ghoul Gladiator began the quest for the Orb.
     0 | D:1      | Reached XP level 1. HP: 17/17 MP: 0/0
    49 | D:1      | Reached XP level 2. HP: 16/25 MP: 1/1
   266 | D:1      | Reached XP level 3. HP: 26/30 MP: 2/2
   757 | D:2      | Reached skill level 1 in Armour
  1267 | D:2      | Found a sparkling altar of Nemelex Xobeh.
  1267 | D:2      | Found a shimmering altar of Xom.
  1268 | D:2      | Found a hide-covered altar of Uskayaw.
  1279 | D:2      | Found a burning altar of Makhleb.
  1584 | D:3      | Reached XP level 4. HP: 37/37 MP: 3/3
  1781 | D:3      | Noticed Robin
  1824 | D:3      | Killed from afar by Robin

Illustrated notes

Levels and vault maps discovered:
D:1:      lemuel_arrival_river_ford, layout_rooms
D:2:      layout_basic, grunt_temple_overflow_open
D:3:      wad_lake_hut, layout_loops_ring, uniq_robin

Skill      XL: |  1  2  3  4 |
---------------+-------------+-----
Long Blades    | 3 |  3.6
Dodging        | 3 |  3.2
Armour         | 1 |  1.4
Fighting       | 3 |  3.0
Throwing       | |  1.7

Action                   |  1- 3 |  4- 6 || total
-------------------------+-------+-------++-------
Melee: Long sword        |   107 |    73 ||   180
  Use: Potion            |       |     3 ||     3
Armor: Leather armour    |    39 |    33 ||    72
Dodge: Dodged            |   104 |    82 ||   186
       Rpst.: Long sword |    31 |    25 ||    56

Table legend: (Time is in decaauts)
 A = Elapsed time spent in this place.
 B = Non-inter-level travel time spent in this place.
 C = Inter-level travel time spent in this place.
 D = Time resting spent in this place.
 E = Time spent auto-exploring this place.
 F = Levels seen in this place.
 G = Mean time per level.
                   A        B        C        D        E       F      G
               +--------+--------+--------+--------+--------+-----+--------+
         Total |   1870 |   1847 |     23 |    126 |   1286 |   3 |  623.3 |
       Dungeon |   1870 |   1847 |     23 |    126 |   1286 |   3 |  623.3 |
               +--------+--------+--------+--------+--------+-----+--------+

Top non-repeatable levels by time:
     D:1: 764 daAuts
     D:2: 591 daAuts
     D:3: 515 daAuts
